 Dungeon Crawl Stone Soup version 0.30-a0-870-gc5d4c5acee (webtiles) character file.

Game seed: 10641317347197641855

21964 Jannitor the Fighter (level 13, -2/96 HPs)
             Began as a Djinni Chaos Knight on Mar 9, 2023.
             Was a Plaything of Xom.
             Slain by a cane toad (18 damage)
             ... on level 2 of the Lair of Beasts on Mar 11, 2023.
             The game lasted 00:40:15 (14885 turns).

Jannitor the Fighter (Djinni Chaos Knight)         Turns: 14885, Time: 00:40:15

Health: -2/96      AC: 16    Str: 20    XL:     13   Next: 23%
Gold:   642        EV: 14    Int: 19    God:    Xom [...*..] SH:  0 Dex: 11

rFire   + + +      SeeInvis .    J - +9 lajatang (flame)
rCold   . . .      Faith    +    (shield currently unavailable)
rNeg    . . .      Spirit   .    d - quicksilver dragon scales of the Morning Star {Will+ Str+3}
rPois   ∞          Reflect  .    (no helmet)
rElec   +          Rampage  .    R - +2 cloak {Will+}
rCorr   .                        F - +0 pair of gloves
Will    +++..                    (boots unavailable)
Stlth   ++                       y - amulet of faith
HPRegen 0.36/turn                n - ring "Vapieruz" {rElec rPois rF+ MP+9 Str+2}
MPRegen 0.00/turn                j - ring of protection from cold

@: flying, very slightly contaminated, hasted, unable to read, very quick
A: sickness immunity, fire resistance 2, cold vulnerability 1, float, innate
caster, HP casting, extra vitality 1, electricity resistance, strong 1, no
potion heal 1, inability to read after injury 1, MP-powered wands
a: Renounce Religion


You were on level 2 of the Lair of Beasts.
You worshipped Xom.
You were a favourite toy of Xom.
You visited 3 branches of the dungeon, and saw 15 of its levels.
You also visited: Bailey and Gauntlet.

You collected 1144 gold pieces.
You spent 502 gold pieces at shops.

Inventory:

Hand Weapons
 I - the +9 quarterstaff of Desk {protect, Dex+4}
   (You took it off a wight on level 7 of the Dungeon)

   Dex:       It affects your dexterity (+4).
 J - a +9 lajatang of flaming (weapon)
 K - a +5 dagger
Missiles
 e - 4 throwing nets
 o - 5 curare-tipped darts
Armour
 d - the quicksilver dragon scales of the Morning Star (worn) {Will+ Str+3}
   (You found it in a Gauntlet)

   Str:       It affects your strength (+3).
   Will:      It increases your willpower.
 F - a +0 pair of gloves (worn)
 R - a +2 cloak of willpower (worn)
Jewellery
 a - a ring of fire
 g - a +6 ring of strength
 j - a ring of protection from cold (right hand)
 k - a ring of see invisible
 n - the ring "Vapieruz" (left hand) {rElec rPois rF+ MP+9 Str+2}
   (You took it off a minotaur in a Gauntlet)

   [ring of magical power]

   Str:       It affects your strength (+2).
   rF:        It protects you from fire.
   rElec:     It insulates you from electricity.
   rPois:     It protects you from poison.
   MP:        It affects your magic capacity (+9).
 r - a ring of positive energy
 y - an amulet of faith (around neck)
 L - a ring of fire
 P - a ring of protection from fire
 Q - a ring of positive energy
Wands
 f - a wand of charming (10)
 A - a wand of flame (49)
 G - a wand of mindburst (2)
 H - a wand of quicksilver (3)
Scrolls
 b - a scroll of magic mapping
 h - 2 scrolls of fear
 i - a scroll of enchant armour
 l - a scroll of teleportation
 p - a scroll of silence
 q - 2 scrolls of blinking
 s - a scroll of immolation
 t - 5 scrolls of identify
 v - a scroll of poison
 w - a scroll of fog
 C - a scroll of enchant weapon
Potions
 m - a potion of attraction
 u - 2 potions of might
 x - 3 potions of resistance
 z - 2 potions of haste
 B - a potion of cancellation
 D - 2 potions of brilliance
 E - a potion of curing
 M - a potion of flight
Miscellaneous
 c - a piece from Xom's chessboard (15/15) (quivered)


   Skills:
 + Level 10.0 Fighting
 - Level 5.9 Short Blades
 * Level 9.3 Staves
 * Level 6.5 Armour
 - Level 9.9 Dodging
 - Level 4.7 Stealth
 + Level 7.0 Spellcasting


You knew the following spells:

 Your Spells              Type           Power      Damage    Failure   Level
a - Sting                 Tmut/Pois      100%       1d8       1%          1
b - Momentum Strike       Conj/Tloc      66%        3d9       1%          2
c - Hailstorm             Conj/Ice       33%        3d8       2%          3
d - Inner Flame           Hex/Fire       33%        N/A       2%          3
e - Flame Wave            Conj/Fire      33%        2d10      9%          4
f - Agony                 Necr           33%        N/A       24%         5
Your spell library was empty.

Dungeon Overview and Level Annotations

Branches:
Dungeon (11/15)            Temple (0/1) D:4            Lair (2/5) D:10
    Orc (2/2) D:11         Bailey (visited)         Gauntlet (visited)
  Swamp: Lair:2-3    Shoals: Lair:2-3     Snake: Lair:2-3    Spider: Lair:2-3
    Elf: Orc:2

Altars:
Gozag
Hepliaklqana
Yredelemnul
Zin

Shops:
D:11 (=?   Orc:1 **

Portals:
Trove: D:11 (give horn of Geryon)

Annotations:
D:5 1 runed translucent door
D:9 3 runed translucent doors, 112233's ghost, novice HuNe
D:11 1 exclusion
Orc:1 3 runed translucent doors, Gastronok; Urug; Ver Lese's ghost, journeyman FoHu


Innate Abilities, Weirdness & Mutations

You are immune to sickness and miasma.
You are immune to poison.
Your flesh is very heat resistant. (rF++)
You are vulnerable to cold. (rC-)
You float through the air rather than walking.
You learn spells naturally, not from books.
Your magical power is your life essence.
You have superior vitality. (+4 MHP)
You are resistant to electric shocks. (rElec)
Your muscles are strong. (Str +4, Int/Dex -1)
Potions are less effective at restoring your health.
You occasionally lose the ability to read scrolls when taking damage.
You expend health (3 HP) to strengthen your wands.


Message History

The yak is heavily wounded.
The flame wave engulfs the cane toad!
The cane toad is moderately wounded.
The flame wave engulfs the black mamba!
The black mamba is moderately wounded.
The flame wave engulfs the plant!
The plant begins to die.
The plant is lightly damaged.
The flame wave engulfs the yak.
The yak is lightly wounded.
The black mamba closely misses you. The cane toad misses you.
The yak closely misses you. The black mamba bites you!
Unknown command.
A wave of flame ripples out!
The flame wave engulfs the yak!
The yak is almost dead.
The flame wave engulfs the cane toad!
The cane toad is heavily wounded.
The flame wave engulfs the black mamba.
The black mamba is heavily wounded.
The flame wave engulfs the plant!
The plant is lightly damaged.
The flame wave engulfs the yak!
The yak is heavily wounded.
The flame wave engulfs the fungus!!
The fungus is lightly damaged.
The flame wave engulfs the yak!
The yak is lightly wounded.
You finish channelling waves of flame.
A nearby fungus withers and dies.
The cane toad stings you!!
You feel threatened and lose the ability to read scrolls!
The black mamba barely misses you. The cane toad stings you!
* * * LOW HITPOINT WARNING * * *
Unknown command.
You cannot read scrolls in your current state!
Unknown command.
Unknown command.
You feel yourself speed up.
The black mamba bites you but does no damage. x2
The cane toad stings you!!
You die...
Xom chortles!

.......................
........................
##.##...................
....................<..#
#...#..................+
...........+#..#Y.......
#.........#....#Y#......
...............YFS#..P..
#...P......?.#.#@.......
....#................##+
P##.#....#.P.#P...#..#
........................
.[.................P #..
...........####..#... .
....P....#..# ####.P.P
..##.....#.## .P.#. .#
##......#


You could see a black mamba, 3 yaks and a cane toad.

Vanquished Creatures
  A minotaur (Gauntlet)
  Harold (D:10)
  Erolcha (D:11)
  3 two-headed ogres (D:11)
  A fire crab (Gauntlet)
  Pikel (D:8)
  2 orc knights (Bailey)
  A wolf spider (Gauntlet)
  2 black mambas (Lair:1)
  A gargoyle (D:10)
  A cane toad (Lair:1)
  2 rime drakes
  A kobold demonologist (D:9)
  4 komodo dragons
  2 trolls
  A hornet (D:11)
  3 wraiths
  2 shadows
  4 wyverns
  4 fire bats (Gauntlet)
  6 yaks
  2 basilisks (Lair:1)
  Grum (D:8)
  A warg (D:11)
  4 steam dragons
  3 vampire mosquitoes (D:11)
  4 water moccasins
  12 orc warriors
  2 sky beasts
  6 black bears
  5 ogres
  5 centaurs
  3 wolves
  2 phantoms
  A lemure (D:8)
  3 kobold brigands
  12 scorpions
  7 bullfrogs
  2 gnoll sergeants
  5 wights (D:7)
  14 killer bees
  4 howler monkeys (D:7)
  3 jellies
  13 orc priests
  A sleepcap (D:6)
  4 iguanas
  13 orc wizards
  Ijyb (D:4)
  6 gnolls
  10 adders
  3 white imps
  An ufetubus (D:5)
  2 worms (D:3)
  4 dart slugs
  69 orcs
  6 bats
  5 endoplasms
  9 giant cockroaches
  12 goblins
  9 hobgoblins
  9 jackals
  3 quokkas
  9 ball pythons
  2 frilled lizards
  25 kobolds
  4 rats
365 creatures vanquished.

Vanquished Creatures (collateral kills)
  A vampire (D:10)
  A golden eye (Gauntlet)
  5 water moccasins (D:10)
  3 black bears
  An orc warrior (D:8)
  2 wolves
13 creatures vanquished.

Vanquished Creatures (others)
  An orc warrior (Orc:1)
  38 fungi
  30 plants
69 creatures vanquished.

Grand Total: 447 creatures vanquished

Notes
Turn   | Place    | Note
-------+----------+-------------------------------------------
     0 | D:1      | Jannitor the Djinni Chaos Knight began the quest for the
                  | Orb.
     0 | D:1      | Reached XP level 1. HP: 20/20 MP: 0/0
    51 | D:1      | Reached XP level 2. HP: 19/25 MP: 0/0
   174 | D:1      | XOM: divination: detect items
   319 | D:1      | XOM: silly message
   323 | D:1      | XOM: scenery: summon butterflies
   361 | D:1      | Reached XP level 3. HP: 25/30 MP: 0/0
   361 | D:1      | Learned a level 1 spell: Sting
   887 | D:1      | XOM: cloud trail
   979 | D:2      | Reached XP level 4. HP: 35/35 MP: 0/0
  1099 | D:2      | XOM: scenery: 1 doors close
  1153 | D:2      | XOM: silly message
  1305 | D:2      | XOM: summons 1 hostile shadow creature
  1385 | D:2      | XOM: enchant monster (bad)
  1813 | D:3      | Reached XP level 5. HP: 33/41 MP: 0/0
  1813 | D:3      | Learned a level 2 spell: Momentum Strike
  1830 | D:3      | XOM: summons 3 hostile demons
  1879 | D:2      | XOM: summons 3 hostile demons
  1880 | D:2      | Noticed a rust devil
  1918 | D:3      | Reached skill level 1 in Stealth
  2030 | D:3      | Reached XP level 6. HP: 47/47 MP: 0/0
  2106 | D:3      | Noticed a black bear
  2117 | D:3      | Killed a black bear
  2118 | D:3      | Reached skill level 4 in Fighting
  2118 | D:3      | Reached skill level 1 in Spellcasting
  2784 | D:3      | XOM: summons 3 hostile shadow creatures
  2908 | D:4      | Reached XP level 7. HP: 46/52 MP: 0/0
  2908 | D:4      | Learned a level 3 spell: Hailstorm
  2971 | D:4      | Noticed Ijyb
  3012 | D:4      | Killed Ijyb
  3283 | D:4      | XOM: summons 4 hostile demons
  3382 | D:4      | XOM: swap monsters
  3697 | D:4      | Found a staircase to the Ecumenical Temple.
  3794 | D:5      | Entered Level 5 of the Dungeon
  3846 | D:5      | Found a runed translucent door.
  3852 | D:5      | Found a runed translucent door.
  3875 | D:5      | XOM: enchant monster (bad)
  3882 | D:5      | XOM: silly message
  3886 | D:5      | Reached XP level 8. HP: 45/58 MP: 0/0
  3896 | D:5      | XOM: chaos cloud
  3897 | D:5      | Reached skill level 5 in Fighting
  3923 | D:5      | Reached skill level 5 in Dodging
  3961 | D:5      | XOM: potion effect (curing)
  4022 | D:5      | XOM: 2-stop teleportation journey
  4024 | D:5      | XOM: confuse monster(s)
  4134 | D:5      | XOM: confuse monster(s)
  4169 | D:5      | XOM: silly message
  4429 | D:5      | Reached skill level 5 in Short Blades
  4779 | D:6      | Reached XP level 9. HP: 63/66 MP: 0/0
  4779 | D:6      | Learned a level 3 spell: Inner Flame
  4927 | D:6      | XOM: silly message
  4932 | D:6      | XOM: confusion (+ monsters)
  4944 | D:6      | XOM: polymorph black bear -> wyvern
  4951 | D:6      | XOM: enchant monster (bad)
  4952 | D:6      | XOM: noise
  5177 | D:6      | XOM: silly message
  5737 | D:6      | Found a hazy altar of Hepliaklqana.
  5737 | D:6      | Found a faded altar of an unknown god.
  5786 | D:6      | Found a faded altar of an unknown god.
  5788 | D:6      | Found a basalt altar of Yredelemnul.
  5790 | D:6      | Found a glowing silver altar of Zin.
  5833 | D:6      | Reached skill level 6 in Fighting
  6166 | D:7      | XOM: 1-stop teleportation journey
  6400 | D:7      | XOM: divination: magic mapping
  6471 | D:7      | XOM: silly message
  6493 | D:7      | XOM: potion effect (haste)
  6594 | D:7      | XOM: noise
  6595 | D:7      | Identified the +9 quarterstaff of Desk {protect, Dex+4}
  6609 | D:7      | XOM: divination: detect creatures
  6974 | D:7      | XOM: cast spell 'Dispersal'
  7090 | D:7      | Reached XP level 10. HP: 73/73 MP: 0/0
  7176 | D:8      | XOM: noise
  7182 | D:8      | Reached skill level 1 in Staves
  7285 | D:8      | XOM: cast spell 'Death Channel'
  7330 | D:6      | XOM: divination: detect items
  7455 | D:6      | Reached skill level 7 in Fighting
  7567 | D:6      | XOM: summons 2 hostile demons
  7700 | D:8      | Noticed Pikel
  7712 | D:8      | XOM: swap monsters
  7717 | D:8      | XOM: fake destruction
  7730 | D:8      | Killed Pikel
  7870 | D:8      | Identified the +0 scale mail "Xouphika" {Int+2 Dex+2}
  8009 | D:8      | XOM: 8-stop teleportation journey
  8446 | D:9      | XOM: cleaving
  8448 | D:9      | XOM: fog
  8451 | D:9      | XOM: divination: detect creatures
  8468 | D:9      | Noticed Grum
  8469 | D:9      | XOM: divination: detect items
  8492 | D:8      | Reached skill level 5 in Spellcasting
  8629 | D:8      | Killed Grum
  8915 | D:9      | Found a runed translucent gate.
  8915 | D:9      | Found a runed translucent gate.
  8918 | D:9      | Found a runed translucent gate.
  8918 | D:9      | Noticed 112233's ghost (novice HuNe)
  8933 | D:9      | XOM: confuse monster(s)
  8937 | D:9      | Reached XP level 11. HP: 61/81 MP: 0/0
  8937 | D:9      | Learned a level 4 spell: Flame Wave
  9040 | D:9      | Noticed a ten-headed hydra
  9227 | D:9      | Reached skill level 8 in Fighting
  9231 | D:9      | XOM: fog
  9410 | D:10     | Entered Level 10 of the Dungeon
  9473 | D:10     | Reached skill level 5 in Staves
  9687 | D:10     | Found a flagged portal.
  9698 | Bailey   | Entered a bailey
  9767 | Bailey   | XOM: divination: magic mapping
  9815 | Bailey   | XOM: god gift: 21 gold pieces
  9831 | Bailey   | Noticed an orc knight
  9848 | Bailey   | XOM: potion effect (haste)
  9853 | Bailey   | XOM: polymorph orc warrior -> jelly
  9879 | Bailey   | XOM: confuse monster(s)
  9884 | Bailey   | Killed an orc knight
  9930 | Bailey   | Noticed an orc knight
  9955 | Bailey   | XOM: destruction
  9956 | Bailey   | XOM: confuse monster(s)
  9970 | Bailey   | Killed an orc knight
 10136 | D:10     | XOM: summons friendly ice devil
 10146 | D:10     | Found a staircase to the Lair.
 10291 | D:10     | XOM: polymorph ice devil -> rust devil
 10310 | D:10     | XOM: god gift: javelin
 10407 | D:10     | XOM: give mutations
 10407 | D:10     | Gained mutation: A frigid envelope surrounds you and
                  | freezes all who hurt you. [Xom's grace]
 10531 | D:10     | XOM: god gift: 31 gold pieces
 10532 | D:10     | Noticed Harold
 10541 | D:10     | Killed Harold
 10694 | D:10     | XOM: cloud trail
 10696 | D:10     | Upgraded the game from 0.30-a0-862-g1aabd4f9c5 to
                  | 0.30-a0-870-gc5d4c5acee
 10697 | D:10     | XOM: god gift: glowing brass wand {god gift}
 10763 | D:11     | Found a portal to a secret trove of treasure.
 10798 | D:11     | Noticed a two-headed ogre
 10830 | D:11     | XOM: confuse monster(s)
 10874 | D:11     | Reached skill level 9 in Fighting
 10874 | D:11     | Reached XP level 12. HP: 77/89 MP: 0/0
 10915 | D:11     | Noticed a two-headed ogre
 10916 | D:11     | XOM: confuse monster(s)
 10918 | D:11     | XOM: enchant monster (good)
 10926 | D:11     | XOM: cast spell 'Alistair's Intoxication'
 10936 | D:11     | Killed a two-headed ogre
 10944 | D:11     | Killed a two-headed ogre
 10986 | D:11     | Found Zoplim's Antique Weapon Shop.
 11021 | D:11     | XOM: silly message
 11027 | D:11     | XOM: god gift: pair of gloves {god gift}
 11033 | D:11     | Found Gadoh's Jewellery Boutique.
 11097 | D:11     | Found a gate leading to a gauntlet.
 11106 | Gauntlet | Entered a Gauntlet
 11106 | Gauntlet | Found a transporter.
 11106 | Gauntlet | Found a transporter.
 11106 | Gauntlet | Found a runed translucent gate.
 11117 | Gauntlet | Found a transporter.
 11122 | Gauntlet | Found a transporter.
 11123 | Gauntlet | Noticed a fire crab
 11130 | Gauntlet | Found a transporter.
 11135 | Gauntlet | Found a transporter.
 11144 | Gauntlet | Found a transporter.
 11163 | Gauntlet | Found a transporter.
 11182 | Gauntlet | Found a transporter.
 11182 | Gauntlet | Found a transporter.
 11190 | Gauntlet | Found a runed translucent door.
 11190 | Gauntlet | Found a runed translucent door.
 11194 | Gauntlet | Found a transporter.
 11198 | Gauntlet | Found a transporter.
 11200 | Gauntlet | Found a runed translucent gate.
 11200 | Gauntlet | Found a runed translucent gate.
 11247 | Gauntlet | XOM: smoke on damage
 11252 | Gauntlet | Killed a fire crab
 11310 | Gauntlet | XOM: god gift: book of the Senses
 11338 | Gauntlet | XOM: polymorph shining eye -> wolf spider
 11340 | Gauntlet | XOM: summons friendly quasit
 11351 | Gauntlet | Identified the quicksilver dragon scales of the Morning
                  | Star {Will+ Str+3}
 11436 | Gauntlet | Identified the ring "Vapieruz" {rElec rPois rF+ MP+9 Str+2}
 11436 | Gauntlet | Noticed a minotaur
 11440 | Gauntlet | XOM: smoke on damage
 11447 | Gauntlet | Killed a minotaur
 11457 | Gauntlet | Identified the +0 ring mail of the Catamount {Str+2}
 11457 | Gauntlet | Identified the +1 kite shield "Ycwoeb" {Int+3}
 11621 | D:11     | Found a staircase to the Orcish Mines.
 11724 | D:11     | XOM: give mutations
 11724 | D:11     | Lost mutation: A frigid envelope surrounds you and freezes
                  | all who hurt you. [Xom's mischief]
 11724 | D:11     | Gained mutation: You are frail. (-10% HP) [Xom's mischief]
 11724 | D:11     | Gained mutation: Armour fits poorly on your strangely
                  | shaped body. [Xom's mischief]
 11779 | D:11     | XOM: give mutations
 11779 | D:11     | Gained mutation: Your muscles are strong. (Str +4, Int/Dex
                  | -1) [Xom's grace]
 11779 | D:11     | Gained mutation: You are covered in fur. (AC +1) [Xom's
                  | grace]
 11864 | D:11     | Found Leish's Magic Scroll Shop.
 11867 | D:11     | Bought 2 scrolls of blinking for 225 gold pieces
 11867 | D:11     | Bought a scroll of identify for 30 gold pieces
 11867 | D:11     | Bought a scroll of identify for 30 gold pieces
 11867 | D:11     | Bought a scroll of enchant armour for 112 gold pieces
 11867 | D:11     | Bought a scroll of fear for 60 gold pieces
 11867 | D:11     | Bought a scroll of teleportation for 45 gold pieces
 11992 | Orc:1    | Entered Level 1 of the Orcish Mines
 11992 | Orc:1    | Noticed Erolcha
 11999 | Orc:1    | Noticed a two-headed ogre
 12026 | D:11     | Killed Erolcha
 12053 | D:11     | XOM: divination: magic mapping
 12055 | D:11     | Killed a two-headed ogre
 12087 | D:11     | XOM: silly message
 12183 | Orc:1    | Reached skill level 5 in Armour
 12197 | Orc:1    | Noticed Gastronok
 12197 | Orc:1    | Noticed Urug
 12197 | Orc:1    | XOM: 2-stop teleportation journey
 12312 | Orc:1    | XOM: potion effect (brilliance)
 12319 | Orc:1    | XOM: divination: detect creatures
 12418 | Orc:1    | XOM: god gift: potion of heal wounds
 12602 | Orc:1    | Found a runed translucent gate.
 12602 | Orc:1    | Found a runed translucent gate.
 12602 | Orc:1    | Found an opulent altar of Gozag.
 12602 | Orc:1    | Found a runed translucent gate.
 12602 | Orc:1    | Found Behan's Assorted Antiques.
 12602 | Orc:1    | Found Siyrchuoq's Assorted Antiques.
 12602 | Orc:1    | Noticed a two-headed ogre
 12602 | Orc:1    | XOM: 3-stop teleportation journey
 12603 | Orc:1    | Noticed Ver Lese's ghost (journeyman FoHu)
 12609 | Orc:1    | Noticed a sun demon
 12616 | Orc:1    | XOM: 1-stop teleportation journey
 12688 | Orc:2    | Entered Level 2 of the Orcish Mines
 12692 | Orc:2    | XOM: chaos upgrade
 12695 | Orc:2    | XOM: confusion (+ monsters)
 12840 | Orc:2    | XOM: enchant monster (bad)
 12977 | Orc:2    | XOM: 2-stop teleportation journey
 12997 | Orc:2    | XOM: give mutations
 12997 | Orc:2    | Gained mutation: You occasionally lose the ability to read
                  | scrolls when taking damage. [Xom's mischief]
 12997 | Orc:2    | Lost mutation: Your muscles are strong. (Str +4, Int/Dex
                  | -1) [Xom's mischief]
 13119 | Orc:1    | XOM: summons 1 hostile demon
 13264 | Lair:1   | Entered Level 1 of the Lair of Beasts
 13264 | Lair:1   | XOM: 1-stop teleportation journey
 13270 | Lair:1   | XOM: divination: magic mapping
 13421 | Lair:1   | XOM: 3-stop teleportation journey
 13422 | Lair:1   | You are sucked into a shaft and drop 1 floor!
 13697 | Lair:1   | Lost mutation: Armour fits poorly on your strangely shaped
                  | body. [potion of mutation]
 13697 | Lair:1   | Lost mutation: You are covered in fur. (AC +1) [potion of
                  | mutation]
 13697 | Lair:1   | Gained mutation: Potions are less effective at restoring
                  | your health. [potion of mutation]
 13697 | Lair:1   | Gained mutation: Your muscles are strong. (Str +4, Int/Dex
                  | -1) [potion of mutation]
 13742 | Lair:1   | XOM: god gift: quarterstaff {god gift}
 13765 | Lair:1   | Reached XP level 13. HP: 82/86 MP: 0/0
 13765 | Lair:1   | Learned a level 5 spell: Agony
 13824 | Lair:1   | XOM: confuse monster(s)
 14315 | Lair:1   | XOM: give mutations
 14315 | Lair:1   | Gained mutation: You are resistant to electric shocks.
                  | (rElec) [Xom's grace]
 14315 | Lair:1   | Gained mutation: You expend health (3 HP) to strengthen
                  | your wands. [Xom's grace]
 14315 | Lair:1   | Lost mutation: You are frail. (-10% HP) [Xom's grace]
 14692 | Lair:1   | Reached skill level 10 in Fighting
 14885 | Lair:2   | Slain by a cane toad

Illustrated notes

Levels and vault maps discovered:
D:1:      psy_arrival_radial01, layout_basic
D:2:      kennysheep_big_flooded_room, layout_loops_corners
D:3:      layout_loops_ring, nicolae_overflow_hidden_temple
D:4:      layout_cave_pools, temple_hall, st_stairs_9, serial_bayou_pond_b,
          amcnicky_mini_pool_small, uniq_ijyb
D:5:      lemuel_insect_pit, layout_cave_pools
D:6:      layout_loops_corners, chequers_temple_overflow_minitemple
D:7:      layout_loops_ring
D:8:      layout_cave_pools, uniq_pikel
D:9:      layout_small_grid, gammafunk_ghost_hydra_chop,
          kennysheep_generic_room_15, uniq_grum
D:10:     layout_cave_pods, due_lair_maze_entry_diamond, enter_bailey_3,
          hangedman_abyss_or_decor_stagger, uniq_harold
D:11:     layout_irregular_city, erik_orc_4, serial_shops,
          nicolae_shop_behind_doors, shop_fountains, kennysheep_mini,
          enter_trove_1, gauntlet_entry_generic
Lair:1:   layout_hall_layers, beast_lair_carwin_8, grunt_megastairs_2
Lair:2:   layout_chaotic_city
Orc:1:    layout_caves, ebering_ghost_gozag, uniq_gastronok, uniq_erolcha,
          uniq_urug
Orc:2:    st_orc_pillars, layout_caves

Skill      XL: |  1  2  3  4  5  6  7  8  9 10 11 12 13 |
---------------+----------------------------------------+-----
Short Blades   | 3 4 5 |  5.9
Armour         | 2 5 6 |  6.5
Dodging        | 3 4 5 6 8 9 |  9.9
Stealth        | 1 2 3 4 |  4.7
Fighting       | 4 5 6 7 9 10 | 10.0
Spellcasting   | 1 2 3 4 5 6 7 |  7.0
Staves         | 4 7 8 9 |  9.3

Action                     |  1- 3 |  4- 6 |  7- 9 | 10-12 | 13-15 || total
---------------------------+-------+-------+-------+-------+-------++-------
  Melee: Short sword       |   130 |   138 |    83 |       |       ||   351
         Punch             |     1 |     3 |     5 |       |       ||     9
         Dagger            |       |       |   249 |       |       ||   249
         Quarterstaff      |       |       |    17 |   229 |       ||   246
         Lajatang          |       |       |       |   201 |    45 ||   246
   Cast: Sting             |     3 |    21 |    23 |     4 |       ||    51
         Momentum Strike   |       |     5 |    13 |     1 |       ||    19
         Hailstorm         |       |       |     1 |    28 |     1 ||    30
         Flame Wave        |       |       |       |     5 |     1 ||     6
  Evoke: Piece from Xom's  |       |       |     1 |       |       ||     1
         Wand              |       |       |    11 |    10 |       ||    21
    Use: Scroll            |       |     2 |     1 |    37 |     3 ||    43
         Potion            |       |       |     5 |    18 |     3 ||    26
   Stab: Sleeping          |     1 |     2 |     3 |     4 |     2 ||    12
         Petrifying        |     1 |       |       |       |       ||     1
         Confused          |       |       |     1 |     6 |     2 ||     9
         Distracted        |       |       |       |     1 |       ||     1
         Invisible         |       |       |       |     3 |       ||     3
 Armour: Leather armour    |    43 |    58 |    83 |     6 |       ||   190
         Skin              |       |       |     4 |       |       ||     4
         Steam dragon scal |       |       |       |   105 |       ||   105
         Troll leather arm |       |       |       |    48 |       ||    48
         Quicksilver drago |       |       |       |    26 |     9 ||    35
  Dodge: Dodged            |    88 |    88 |   194 |   562 |    36 ||   968

Table legend: (Time is in decaauts)
 A = Elapsed time spent in this place.
 B = Non-inter-level travel time spent in this place.
 C = Inter-level travel time spent in this place.
 D = Time resting spent in this place.
 E = Time spent auto-exploring this place.
 F = Levels seen in this place.
 G = Mean time per level.
                   A        B        C        D        E       F      G
               +--------+--------+--------+--------+--------+-----+--------+
         Total |  14717 |  14276 |    441 |   2095 |   8797 |  17 |  865.7 |
       Dungeon |  11554 |  11186 |    368 |   1607 |   7118 |  11 | 1050.4 |
          Lair |   1395 |   1352 |     43 |    109 |    990 |   2 |  697.5 |
  Orcish Mines |   1058 |   1029 |     29 |    284 |    532 |   2 |  529.0 |
        Bailey |    331 |    331 |      0 |     47 |    114 |   1 |  331.0 |
      Gauntlet |    377 |    377 |      0 |     48 |     42 |   1 |  377.0 |
               +--------+--------+--------+--------+--------+-----+--------+

Top non-repeatable levels by time:
     D:6: 1696 daAuts
    D:10: 1217 daAuts
     D:7: 1203 daAuts
  Lair:1: 1176 daAuts
    D:11: 1047 daAuts
     D:4: 990 daAuts
     D:8: 959 daAuts
     D:2: 918 daAuts
     D:3: 917 daAuts
     D:1: 887 daAuts
     D:5: 859 daAuts
     D:9: 857 daAuts
   Orc:1: 726 daAuts
Gauntlet: 377 daAuts
   Orc:2: 332 daAuts
